 Dungeon Crawl Stone Soup version 0.29.1-1-gd02db6906a (webtiles) character file.

Game seed: 12959617361815864873

331 raistware the Conjurer (level 6, 0/54 HPs)
             Began as an Octopode Conjurer on Sept 21, 2022.
             Killed from afar by an orc wizard (6 damage)
             ... with a magic dart
             ... on level 4 of the Dungeon.
             The game lasted 00:11:57 (4114 turns).

raistware the Conjurer (Octopode Conjurer)          Turns: 4114, Time: 00:11:58

Health: 0/54       AC:  1    Str: 10    XL:     6   Next: 51%
Magic:  10/13      EV: 13    Int: 21    God:
Gold:   227        SH:  0    Dex: 10    Spells: 8/15 levels left

rFire   . . .      SeeInvis .   p - +0 quarterstaff
rCold   . . .      Faith    .   (shield currently unavailable)
rNeg    . . .      Spirit   .   (helmet restricted)
rPois   .          Reflect  .   o - amulet of regeneration
rElec   .          Harm     .   (no ring)
rCorr   .          Rampage  .   (no ring)
Will    .....                   (no ring)
Stlth   ..........              (no ring)
HPRegen 0.98/turn               (no ring)
MPRegen 0.13/turn               (no ring)
                                (no ring)
                                (no ring)

@: mighty, brilliant, berserking (expiring), attractive, very quick
A: almost no armour, amphibious, 8 rings, camouflage 1, gelatinous body 1,
(nimble swimmer 1), tentacles, strong 1, wild magic 1, inability to read after
injury 1
a: no special abilities


You were on level 4 of the Dungeon.
You visited 1 branch of the dungeon, and saw 5 of its levels.

You collected 227 gold pieces.

Inventory:

Hand Weapons
 p - a +0 quarterstaff (weapon)
Missiles
 g - 3 javelins
Jewellery
 o - an amulet of regeneration (around mantle)
Wands
 i - a wand of roots (1)
Scrolls
 d - a scroll of summoning {unknown}
 e - 2 scrolls of magic mapping {unknown}
 f - 2 scrolls of vulnerability {unknown}
 h - 3 scrolls of fog {unknown}
 m - 4 scrolls of teleportation {unknown}
 q - a scroll of noise {unknown}
 r - a scroll of immolation {unknown}
Potions
 a - 2 potions of magic
 k - a potion of invisibility {unknown}
 l - a potion of mutation
 n - a potion of degeneration {unknown}
 s - a potion of brilliance


   Skills:
 - Level 2.0 Dodging
 - Level 2.6 Stealth
 + Level 5.0 Spellcasting
 + Level 5.1 Conjurations
 - Level 2.0 Translocations


You had 8 spell levels left.
You knew the following spells:

 Your Spells              Type           Power      Damage    Failure   Level
a - Magic Dart            Conj           100%       1d8       2%          1
b - Iskenderun's Mystic   Conj/Tloc      39%        2d9       34%         4
q - Blink                 Tloc           52%        N/A       11%         2

Your spell library contained the following spells:

 Spells                   Type           Power      Damage    Failure   Level
 Searing Ray              Conj           100%       2d8       3%          2
 Summon Small Mammal      Summ           40%        N/A       16%         1
 Dazzling Flash           Conj/Hex       62%        N/A       17%         3
 Call Canine Familiar     Summ           10%        N/A       41%         3
 Summon Guardian Golem    Hex/Summ       10%        N/A       41%         3
 Fulminant Prism          Conj/Hex       15%        3d11      45%         4
 Manifold Assault         Tloc           26%        N/A       85%         5
 Storm Form               Tmut/Air       5%         N/A       100%        7


Dungeon Overview and Level Annotations

Branches:
Dungeon (5/15)
 Temple: D:4-7

Altars:

Annotations:
D:4 Edmund


Innate Abilities, Weirdness & Mutations

You cannot wear most types of armour.
You are amphibious.
You can wear up to eight rings at the same time.
Your skin changes colour to match your surroundings (Stealth+).
Your rubbery body absorbs attacks. (AC +1, EV +1)
((You are camouflaged when in or above water. (Stealth+)))
You have tentacles for arms and can constrict up to eight enemies at once.
Your muscles are strong. (Str +4, Int/Dex -1)
Your spells are a little harder to cast, but a little more powerful.
You occasionally lose the ability to read scrolls when taking damage.


Message History

You feel stronger.
You feel less in control of your magic.
You hear some strange, mumbled words.
A puff of flame appears from out of thin air!
The puff of flame hits you!
It was a potion of brilliance.
You feel clever all of a sudden. Something hits you.
It was a potion of might.
You feel very mighty all of a sudden. Something hits you but does no damage.
You miss something.
Your tentacle-slap misses something.
Something hits you.
You feel less confused.
You hear some strange, mumbled words.
You are confused.
It was a potion of attraction.
You feel attractive to monsters. Something hits you.
Things that are here:
a +0 dagger; an orc corpse It was a potion of berserk rage.
A red film seems to cover your vision as you go berserk!
You feel yourself moving faster!
You feel mighty!
You hear some strange, mumbled words.
A magic dart appears from out of thin air!
The magic dart hits you.
* * * LOW HITPOINT WARNING * * *
You feel a strong urge to attack something.
You closely miss something. Your squeeze misses something. Something hits you.
* * * LOW HITPOINT WARNING * * *
You miss something. Something hits you.
* * * LOW HITPOINT WARNING * * *
You miss something. Something hits you.
* * * LOW HITPOINT WARNING * * *
You're too confused to move!
You feel a strong urge to attack something.
You feel less confused.
You hear some strange, mumbled words.
A magic dart appears from out of thin air!
The magic dart hits you.
You die...

#######
##.....##
##$.....?##
#)........#
#....)....#
#...)<$...#
#...{[..."#
#...@.....#
##.......##
#.........#
.....[......#
###.........#
#.....>...#
#.........#
##.......##


There were no monsters in sight!

Vanquished Creatures
  Crazy Yiuf (D:3)
  Terence (D:3)
  Jessica (D:2)
  An orc wizard (D:3)
  An iguana (D:4)
  4 gnolls (D:3)
  6 adders
  5 worms
  3 dart slugs
  8 orcs
  7 ball pythons
  7 bats
  3 endoplasms
  A giant cockroach (D:1)
  7 hobgoblins
  4 jackals (D:1)
  5 quokkas
  5 frilled lizards
  5 goblins
  8 kobolds
  7 rats
90 creatures vanquished.

Vanquished Creatures (others)
  24 plants (D:3)
24 creatures vanquished.

Grand Total: 114 creatures vanquished

Notes
Turn   | Place    | Note
-------+----------+-------------------------------------------
     0 | D:1      | raistware the Octopode Conjurer began the quest for the
                  | Orb.
     0 | D:1      | Reached XP level 1. HP: 11/11 MP: 3/3
   437 | D:1      | Reached XP level 2. HP: 12/17 MP: 0/5
   702 | D:1      | Reached XP level 3. HP: 19/21 MP: 0/7
  1595 | D:2      | Reached XP level 4. HP: 27/27 MP: 6/9
  1650 | D:2      | Reached skill level 1 in Translocations
  1906 | D:2      | Noticed Jessica
  1912 | D:2      | Killed Jessica
  2121 | D:2      | Reached XP level 5. HP: 31/31 MP: 3/11
  2663 | D:3      | Noticed Terence
  2672 | D:3      | Killed Terence
  2986 | D:3      | Reached XP level 6. HP: 36/36 MP: 9/12
  3624 | D:3      | Found a runed translucent door.
  3625 | D:3      | Noticed Crazy Yiuf
  3711 | D:3      | Learned a level 4 spell: Iskenderun's Mystic Blast
  3715 | D:3      | Killed Crazy Yiuf
  3780 | D:4      | You fall into a shaft and drop 1 floor!
  3780 | D:5      | Entered Level 5 of the Dungeon
  3837 | D:4      | Reached skill level 5 in Conjurations
  3900 | D:4      | Noticed Edmund
  3905 | D:4      | Learned a level 2 spell: Blink
  4025 | D:4      | Reached skill level 5 in Spellcasting
  4101 | D:4      | Gained mutation: You occasionally lose the ability to read
                  | scrolls when taking damage. [potion of mutation]
  4101 | D:4      | Gained mutation: Your muscles are strong. (Str +4, Int/Dex
                  | -1) [potion of mutation]
  4101 | D:4      | Gained mutation: Your spells are a little harder to cast,
                  | but a little more powerful. [potion of mutation]
  4114 | D:4      | Killed from afar by an orc wizard

Illustrated notes

Levels and vault maps discovered:
D:1:      wander_arrival_peaceful_grave, layout_loops_ring, nicolae_wormholes
D:2:      minmay_recursive_quarters, layout_basic, uniq_jessica
D:3:      layout_rooms, serial_bayou_lagoon_a, uniq_crazy_yiuf_cottage,
          uniq_terence
D:4:      layout_rooms, portal_sewer_entry_a, guppyfry_shop_venom, uniq_edmund
D:5:      layout_loops_ring, chequers_ossuary_entry_cave

Skill      XL: |  1  2  3  4  5  6 |
---------------+-------------------+-----
Spellcasting   | 3 4 5 |  5.0
Translocations | 2 |  2.0
Conjurations   | 5 |  5.1
Dodging        | |  2.0
Stealth        | |  2.6

Action                   |  1- 3 |  4- 6 || total
-------------------------+-------+-------++-------
Melee: Unarmed           |    30 |     8 ||    38
       Tentacles         |    10 |     5 ||    15
       Constrict         |     8 |     3 ||    11
       Quarterstaff      |       |     5 ||     5
 Cast: Magic Dart        |    60 |   126 ||   186
       Iskenderun's Myst |       |     4 ||     4
Evoke: Wand              |       |     5 ||     5
  Use: Potion            |       |     5 ||     5
 Stab: Sleeping          |     1 |       ||     1
Armor: Skin              |     2 |     4 ||     6
Dodge: Dodged            |    28 |    25 ||    53
